 Dungeon Crawl Stone Soup version 0.29.1-1-gd02db69 (webtiles) character file.

Game seed: 17143862808039404102

175 Kel the Cudgeller (level 5, 0/38 HPs)
             Began as a Demonspawn Gladiator on Mar 21, 2023.
             Slain by a hobgoblin (2 damage)
             ... led by Robin
             ... on level 2 of the Dungeon.
             The game lasted 00:02:56 (1537 turns).

Kel the Cudgeller (Demonspawn Gladiator)            Turns: 1537, Time: 00:02:57

Health: 0/38       AC:  8    Str: 16    XL:     5   Next: 29%
Magic:  5/5        EV: 10    Int:  9    God:
Gold:   132        SH:  0    Dex: 15    Spells: 4/4 levels left

rFire   . . .      SeeInvis .   a - +0 flail
rCold   . . .      Faith    .   (no shield)
rNeg    . . .      Spirit   .   f - +0 scale mail
rPois   .          Reflect  .   h - +0 helmet
rElec   .          Harm     .   i - +0 cloak
rCorr   .          Rampage  .   (no gloves)
Will    .....                   (no boots)
Stlth   ..........              (no amulet)
HPRegen 0.12/turn               (no ring)
MPRegen 0.09/turn               (no ring)

@: no status effects
A: foul stench 2
a: no special abilities


You were on level 2 of the Dungeon.
You visited 1 branch of the dungeon, and saw 2 of its levels.

You collected 132 gold pieces.

Inventory:

Hand Weapons
 a - a +0 flail (weapon)
Missiles
 d - 3 throwing nets (quivered)
 e - a javelin
Armour
 f - a +0 scale mail (worn)
 h - a +0 helmet (worn)
 i - a +0 cloak (worn)
Scrolls
 b - a scroll of fog {unknown}
 g - a scroll of identify {unknown}
 j - a scroll of magic mapping {unknown}
 k - 2 scrolls of poison
 l - a scroll of fear {unknown}
Potions
 c - a potion of brilliance {unknown}


   Skills:
 - Level 2.0 Fighting
 + Level 5.5 Maces & Flails
 - Level 1.7 Throwing
 - Level 2.6 Dodging


You had 4 spell levels left.
You didn't know any spells.
Your spell library contained the following spells:

 Spells                   Type           Power      Damage    Failure   Level
 Gell's Gravitas          Tloc           0%         N/A       99%         3
 Lesser Beckoning         Tloc           0%         N/A       99%         3
 Teleport Other           Tloc           0%         N/A       99%         3


Dungeon Overview and Level Annotations

Branches:
Dungeon (2/15)

Altars:
Kikubaaqudgha

Shops:
D:1 (

Annotations:
D:2 Robin


Innate Abilities, Weirdness & Mutations

You sometimes emit foul miasma when damaged in melee.


Message History

The goblin hits you but does no damage. The goblin hits you with a +0 dagger.
* * * LOW HITPOINT WARNING * * *
The goblin hits you with a +0 club.
* * * LOW HITPOINT WARNING * * *
You emit a cloud of foul miasma!
The goblin hits you but does no damage. Robin throws the goblin at you!
The goblin is engulfed in dark miasma.
The goblin is poisoned.
You kill the goblin!
The goblin hits you but does no damage.
The goblin is engulfed in dark miasma.
The goblin is poisoned.
The goblin seems to slow down.
You kill the goblin!
The goblin hits you with a +0 dagger.
* * * LOW HITPOINT WARNING * * *
The goblin hits you with a +0 dagger.
* * * LOW HITPOINT WARNING * * *
The goblin attacks as you move away! The goblin hits you but does no damage.
The goblin no longer looks unusually strong.
Robin roars a battlecry!
The goblin goes into a battle-frenzy!
The goblin misses you.
There is an open door, spattered with blood here.
Items here: )))))))) †††.
The hobgoblin attacks as you move away! The hobgoblin barely misses you.
The goblin attacks as you move away! The goblin hits you but does no damage.
The hobgoblin no longer looks unusually strong.
Robin throws the goblin at you! The goblin misses you.
The goblin attacks as you move away! The goblin closely misses you.
The goblin no longer looks unusually strong.
The goblin closely misses you. The goblin barely misses you.
The hobgoblin hits you but does no damage.
There is an open door, spattered with blood here.
Items here: )))))))) †††.
You sock the goblin!
You kill the goblin!
Robin roars a battlecry!
The goblins go into a battle-frenzy!
The hobgoblin closely misses you. The goblin hits you but does no damage.
The goblin barely misses you.
You miss the frilled lizard. The hobgoblin hits you.
You die...

....###........#####
....'.'............
....###.....##...## ....#
#÷.........+ ###.
##+####..........# .....
##.............###+##.....
##'#########...##.........
#........# #.#..#gg.......
#...(....# #.##g@lg.......
#........# #.####g)..)....
#........# #.# #..##.....
#........# #.# #..# ....
#...†....###.# #..# ...
#.........##.. ...# ##
.#........# .#.#
..........# #.#.##
..........# ... .


You could see Robin, a hobgoblin (strong), 3 goblins and a frilled lizard.

Vanquished Creatures
  A black bear (D:2)
  Jessica (D:2)
  2 adders (D:2)
  6 ball pythons
  3 endoplasms (D:1)
  2 giant cockroaches
  11 goblins
  3 hobgoblins
  2 quokkas (D:1)
  9 bats
  A frilled lizard (D:2)
  3 rats
44 creatures vanquished.

Notes
Turn   | Place    | Note
-------+----------+-------------------------------------------
     0 | D:1      | Kel the Demonspawn Gladiator began the quest for the Orb.
     0 | D:1      | Reached XP level 1. HP: 16/16 MP: 1/1
   118 | D:1      | Found Ahaydawa's Weapon Shop.
   125 | D:1      | Reached skill level 3 in Maces & Flails
   134 | D:1      | Gained mutation: You may rarely emit foul miasma when
                  | damaged in melee. [demonic ancestry]
   134 | D:1      | Reached XP level 2. HP: 19/22 MP: 2/2
   514 | D:1      | Found a faded altar of an unknown god.
  1028 | D:2      | Gained mutation: You sometimes emit foul miasma when
                  | damaged in melee. [demonic ancestry]
  1028 | D:2      | Reached XP level 3. HP: 27/27 MP: 3/3
  1047 | D:2      | Reached skill level 4 in Maces & Flails
  1148 | D:2      | Noticed a black bear
  1159 | D:2      | Killed a black bear
  1160 | D:2      | Reached skill level 5 in Maces & Flails
  1160 | D:2      | Reached XP level 4. HP: 10/33 MP: 4/4
  1365 | D:2      | Found an ancient bone altar of Kikubaaqudgha.
  1505 | D:2      | Noticed Jessica
  1509 | D:2      | Reached XP level 5. HP: 38/38 MP: 5/5
  1509 | D:2      | Killed Jessica
  1517 | D:2      | Noticed Robin
  1532 | D:2      | HP: 1/38 [goblin/+0 dagger[Robin] (3)]
  1537 | D:2      | Slain by a hobgoblin

Illustrated notes

Levels and vault maps discovered:
D:1:      lemuel_arrival_muddy, layout_basic, hellmonk_ecumenical_altar_run_dry,
          serial_shops, nicolae_shop_advertising_works
          [nicolae_subvault_shop_adworks]
D:2:      layout_basic, basic_altar, uniq_jessica, uniq_robin

Skill      XL: |  1  2  3 |
---------------+----------+-----
Maces & Flails | 3 5 |  5.5
Fighting       | |  2.0
Throwing       | |  1.7
Dodging        | |  2.6

Action                   |  1- 3 |  4- 6 || total
-------------------------+-------+-------++-------
Melee: Flail             |    81 |    30 ||   111
       Punch             |     1 |       ||     1
  Use: Scroll            |       |     1 ||     1
Armor: Scale mail        |    60 |    45 ||   105
Dodge: Dodged            |    59 |    44 ||   103
